 Dungeon Crawl Stone Soup version bcrawl-1.12.2 (webtiles) character file.

Game seed: 8356974510025061116

83 Ebbett the Conjurer (level 4, -4/27 HPs)
             Began as a Fairy Conjurer on July 23, 2019.
             Slain by a bullfrog skeleton (6 damage)
             ... on level 4 of the Dungeon.
             The game lasted 00:04:30 (1898 turns).

Ebbett the Conjurer (Fairy Conjurer)                Turns: 1898, Time: 00:04:31

Health: -4/27      AC:  4    Str:  6    XL:     4   Next: 44%
Magic:  11/11      EV: 13    Int: 20    God:
Gold:   167        SH:  4    Dex: 12    Spells: 9/10 levels left

rFire    . . .     SeeInvis .   n - +1 dagger (pain)
rCold    . . .     Gourm    .   (shield restricted)
rNeg     . . .     Faith    .   (armour unavailable)
rPois    .         Spirit   .   (no helmet)
rElec    .         Reflect  .   (no cloak)
rCorr    .         Harm     .   (no gloves)
MR       .....                  (no boots)
Stlth    +.........             (no amulet)
HPRegen  0.09/turn              (no ring)
MPRegen  0.12/turn              (no ring)

@: flying evasively, constricted
A: small, magic attunement, unstealthy, unfitting armour, able to fly, AC/SH +4
a: Stop Flying


You were on level 4 of the Dungeon.
You were near starving.

You visited 1 branch of the dungeon, and saw 4 of its levels.

You collected 167 gold pieces.

Inventory:

Hand Weapons
 n - a +1 dagger of pain (weapon)
Magical Staves
 i - an uncursed staff of earth
Jewellery
 f - a -3 ring of intelligence
Scrolls
 a - a scroll of magic mapping
 d - a scroll of enchant weapon
 g - 2 scrolls of amnesia {unknown}
 l - a scroll of remove curse
 m - 3 scrolls of identify {unknown}
Potions
 c - 2 potions of lignification {unknown}
 e - 2 potions of brilliance {unknown}
 h - 2 potions of haste {unknown}
 j - a potion of heal wounds {unknown}
 k - 2 potions of flight {unknown}
 o - 3 potions of degeneration {unknown}
Comestibles
 b - 4 rations {!d}


   Skills:
 + Level 2.9 Dodging
 + Level 1.7 Stealth
 + Level 3.5 Spellcasting
 + Level 6.3 Conjurations


You had 9 spell levels left.
You knew the following spells:

 Your Spells              Type           Power        Failure   Level  Hunger
a - Magic Dart            Conj           ####         1%          1    None

Your spell library contained the following spells:

 Spells                   Type           Power        Failure   Level  Hunger
 Searing Ray              Conj           ####..       1%          2    None
 Iskenderun's Mystic Bla  Conj           ####....     3%          3    None
 Fulminant Prism          Conj/Hex       ###.......   36%         4    None
 Irradiate                Conj/Tmut      ###.......   71%         5    None


Dungeon Overview and Level Annotations

Branches:
Dungeon (4/12)
 Temple: D:4-7

Altars:
Dithmenos


Innate Abilities, Weirdness & Mutations

Your spells do not cause hunger and MP costs are reduced by 1.
Your bright wings attract enemies. (Stealth-)
You cannot fit into any form of body armour.
Your shimmering scales are hard and can block incoming attacks. (AC +4, SH +4)
You are small and have problems with some larger weapons.
You can fly continuously.


Message History

Press: ? - help, Shift-Dir - straight line, f/p - bullfrog skeleton
Aim: a bullfrog skeleton (heavily damaged)
The magic dart hits the bullfrog skeleton.
The bullfrog skeleton is heavily damaged.
The bullfrog skeleton hits you. The ball python misses you.
The ball python closely misses you. The troll bites you!!
Ouch! That really hurt!
* * * LOW HITPOINT WARNING * * *
You block the troll's attack. The troll misses you.
Casting: Magic Dart (safe; 1% risk of failure)
Confirm with . or Enter, or press ? or * to list all spells.
Aiming: Magic Dart (safe; 1% risk of failure)
Press: ? - help, Shift-Dir - straight line, f/p - bullfrog skeleton
Aim: a bullfrog skeleton (heavily damaged)
Okay, then.
The bullfrog skeleton closely misses you.
The ball python closely misses you. The ball python grabs you.
You stop ascending the stairs.
The ball python constricts you. The bullfrog skeleton hits you.
You die...

.... .... ##
#..#
###.##l.####
#..........#
#..........#
#.....T....#
#....S@....#
#.....Z....+
###.###..###
# #+#


You could see a troll, a ball python, a frilled lizard and a bullfrog skeleton.

Vanquished Creatures
  2 adders (D:3)
  An ooze (D:3)
  2 worms
  A dart slug (D:1)
  A leopard gecko (D:1)
  An orc (D:3)
  4 bats
  4 giant cockroaches
  2 goblins
  10 hobgoblins
  5 jackals (D:2)
  2 quokkas
  3 frilled lizards
  6 kobolds
  4 rats
48 creatures vanquished.

Notes
Turn   | Place    | Note
-------+----------+-------------------------------------------
     0 | D:1      | Ebbett the Fairy Conjurer began the quest for the Orb.
     0 | D:1      | Reached XP level 1. HP: 11/11 MP: 6/6
    56 | D:1      | Reached skill level 5 in Conjurations
    77 | D:1      | Reached XP level 2. HP: 14/17 MP: 7/7
   570 | D:2      | Reached XP level 3. HP: 21/21 MP: 9/9
  1159 | D:3      | Reached skill level 6 in Conjurations
  1182 | D:3      | Reached XP level 4. HP: 27/27 MP: 11/11
  1183 | D:3      | Found a shadowy altar of Dithmenos.
  1894 | D:4      | Noticed a troll
  1898 | D:4      | Slain by a bullfrog skeleton

Skill      XL: |  1  2  3 |
---------------+----------+-----
Conjurations   | 5 6 |  6.3
Spellcasting   | 3 |  3.5
Dodging        | |  2.9
Stealth        | |  1.7

Action                   |  1- 3 |  4- 6 || total
-------------------------+-------+-------++-------
 Cast: Magic Dart        |    79 |    25 ||   104
  Use: Scroll            |     4 |       ||     4
  Eat: Chunk             |       |     1 ||     1
Armor: Skin              |     2 |     1 ||     3
Dodge: Dodged            |    18 |     6 ||    24
Block: Other             |     5 |     1 ||     6
